 Dungeon Crawl Stone Soup version 0.29.1-1-gd02db6906a (webtiles) character file.

Game seed: 12916060292241602287

519 H0rd4k the Cutter (level 7, -2/48 HPs)
             Began as a Human Artificer on Oct 12, 2022.
             Slain by a killer bee (8 damage)
             ... on level 4 of the Dungeon.
             The game lasted 00:03:30 (4307 turns).

H0rd4k the Cutter (Human Artificer)                 Turns: 4307, Time: 00:03:31

Health: -2/48      AC:  3    Str: 18    XL:     7   Next: 45%
Magic:  7/7        EV: 13    Int: 14    God:
Gold:   216        SH:  0    Dex: 13    Spells: 6/6 levels left

rFire   . . .      SeeInvis .   f - +3 dagger (venom)
rCold   . . .      Faith    .   (no shield)
rNeg    . . .      Spirit   .   b - +0 leather armour
rPois   .          Reflect  .   (no helmet)
rElec   .          Harm     .   (no cloak)
rCorr   .          Rampage  .   (no gloves)
Will    .....                   (no boots)
Stlth   +.........              (no amulet)
HPRegen 0.16/turn               o - +6 ring of strength
MPRegen 0.10/turn               (no ring)

@: lethally poisoned (-2 -> -7), hasted, very quick
A: no striking features
a: no special abilities


You were on level 4 of the Dungeon.
You visited 1 branch of the dungeon, and saw 4 of its levels.

You collected 216 gold pieces.

Inventory:

Hand Weapons
 f - a +3 dagger of venom (weapon)
Missiles
 t - 4 poisoned darts
Armour
 b - a +0 leather armour (worn)
Magical Staves
 u - a staff of earth
 v - a staff of poison
Jewellery
 o - a +6 ring of strength (left hand)
Wands
 c - a wand of flame (13) (quivered)
 d - a wand of charming (15)
 e - a wand of mindburst (3)
Scrolls
 a - a scroll of blinking {unknown}
 i - 2 scrolls of immolation {unknown}
 j - 2 scrolls of fear {unknown}
 k - a scroll of enchant weapon {unknown}
 l - a scroll of butterflies {unknown}
 m - 5 scrolls of teleportation
 q - a scroll of magic mapping {unknown}
 s - a scroll of enchant armour {unknown}
Potions
 h - a potion of flight {unknown}
 n - a potion of mutation {unknown}
 p - a potion of berserk rage {unknown}
 r - a potion of might {unknown}
 w - a potion of magic {unknown}


   Skills:
 - Level 1.0 Fighting
 + Level 5.4 Short Blades
 + Level 1.5 Maces & Flails
 - Level 2.0 Armour
 + Level 4.3 Dodging
 - Level 1.0 Stealth
 - Level 3.0 Evocations


You had 6 spell levels left.
You didn't know any spells.
Your spell library was empty.

Dungeon Overview and Level Annotations

Branches:
Dungeon (4/15)
 Temple: D:4-7

Altars:

Shops:
D:4 ?


Message History

There are monsters nearby!
The killer bee closely misses you. The adder barely misses you.
There are monsters nearby!
You barely miss the killer bee. The killer bee barely misses you.
The jackal bites you but does no damage.
You miss the killer bee. The killer bee barely misses you.
The killer bee stings you.
You are poisoned.
The killer bee poisons you! The adder completely misses you.
The jackal closely misses you.
The ball python attacks as you move away!
The ball python closely misses you. The ball python completely misses you.
You feel very sick. The killer bee stings you.
You feel sick. The adder misses you.
The killer bee stings you but does no damage.
You feel sick. The killer bee stings you! The adder closely misses you.
There is a large open door here.
The adder attacks as you move away! The adder barely misses you.
The killer bee attacks as you move away!
The killer bee stings you but does no damage.
You feel sick. The killer bee stings you.
You feel sick. The killer bee stings you.
You are more poisoned.
The killer bee poisons you! The adder attacks as you move away!
The adder bites you.
* * * LOW HITPOINT WARNING * * *
You feel very sick. The killer bee completely misses you.
You feel sick. The killer bee stings you.
* * * LOW HITPOINT WARNING * * *
You barely miss the killer bee.
* * * LOW HITPOINT WARNING * * *
You feel sick.
The killer bee stings you but does no damage.
The killer bee barely misses you.
It was a potion of haste.
You feel yourself speed up.
* * * LOW HITPOINT WARNING * * *
You feel sick. The killer bee stings you!
You die...

###...## #..$# $..#
#######.... ......#
#..$##$..#
#...>...##. ......#
#..#$$#..#
#.########. #####.#
##......# #.# #.
#####.## ##....##
#.# #. #......#
##'h## #.# #.
#.###..######..# #.#
#. #.#
#.......#.S##### #.#
.
#.###.#####..hSy@..#
#.# ......#
########.# #.#
#.##### #.# #.# #.#
#.####.# #.#
#......# #.#
######## #.# ..# ...


You could see a killer bee, an adder, a jackal and a ball python.

Vanquished Creatures
  Grinder (D:3)
  A scorpion (D:3)
  2 hounds (D:4)
  Ijyb (D:3)
  Natasha (twice) (D:3)
  5 adders
  3 worms
  A dart slug (D:1)
  5 orcs (D:3)
  10 endoplasms
  2 giant cockroaches
  7 goblins
  5 hobgoblins
  3 kobolds
  4 quokkas
  5 ball pythons
  14 bats
  6 frilled lizards
  3 rats
80 creatures vanquished.

Notes
Turn   | Place    | Note
-------+----------+-------------------------------------------
     0 | D:1      | H0rd4k the Human Artificer began the quest for the Orb.
     0 | D:1      | Reached XP level 1. HP: 15/15 MP: 1/1
   313 | D:1      | Reached XP level 2. HP: 21/21 MP: 2/2
   662 | D:1      | Found a faded altar of an unknown god.
   675 | D:1      | Reached skill level 1 in Short Blades
   843 | D:1      | Reached XP level 3. HP: 24/26 MP: 3/3
   908 | D:1      | Reached skill level 1 in Maces & Flails
  1570 | D:2      | Reached skill level 2 in Short Blades
  1618 | D:2      | Reached XP level 4. HP: 29/32 MP: 4/4
  2421 | D:3      | Noticed Grinder
  2424 | D:3      | Paralysed by Grinder for 2 turns
  2427 | D:3      | Noticed Ijyb
  2429 | D:3      | Killed Grinder
  2430 | D:3      | Reached skill level 4 in Short Blades
  2430 | D:3      | Reached XP level 5. HP: 26/37 MP: 5/5
  2430 | D:3      | Reached XP level 6. HP: 30/43 MP: 6/6
  2433 | D:3      | Killed Ijyb
  2586 | D:3      | Identified the +2 leather armour of Chimes {Dex+5}
  2969 | D:3      | Noticed Natasha
  2976 | D:3      | Killed Natasha
  2977 | D:3      | Reached XP level 7. HP: 40/48 MP: 7/7
  3200 | D:3      | Noticed Natasha
  3214 | D:3      | Killed Natasha
  3215 | D:3      | Reached skill level 5 in Short Blades
  4106 | D:4      | Found Ontor's Magic Scroll Emporium.
  4307 | D:4      | Slain by a killer bee

Illustrated notes

Levels and vault maps discovered:
D:1:      dpeg_arrival_simpleton_b, layout_loops_corners,
          chequers_ecumenical_altar_island
D:2:      layout_basic
D:3:      minmay_octagon_keep, layout_basic, kennysheep_generic_room_8,
          uniq_natasha, uniq_ijyb, uniq_grinder
D:4:      minmay_polygon_palace, layout_loops_ring, kennysheep_little_box,
          serial_shops, nicolae_shop_stone, uniq_crazy_yiuf_cottage

Skill      XL: |  1  2  3  4  5  6  7 |
---------------+----------------------+-----
Short Blades   | 1 2 4 5 |  5.4
Maces & Flails | 1 |  1.5
Dodging        | 2 3 4 |  4.3
Fighting       | |  1.0
Armour         | |  2.0
Stealth        | |  1.0
Evocations     | |  3.0

Action                   |  1- 3 |  4- 6 |  7- 9 || total
-------------------------+-------+-------+-------++-------
Melee: Club              |     7 |       |       ||     7
       Dagger            |    72 |    44 |   122 ||   238
       Punch             |     1 |     2 |     2 ||     5
Evoke: Wand              |       |     7 |       ||     7
  Use: Scroll            |       |       |     1 ||     1
       Potion            |       |       |     1 ||     1
 Stab: Sleeping          |     3 |     1 |     1 ||     5
Armor: Leather armour    |    31 |    11 |    38 ||    80
Dodge: Dodged            |    51 |    31 |    86 ||   168
